 Dungeon Crawl Stone Soup version 0.29.1-1-gd02db6906a (webtiles) character file.

Game seed: 10143789646747135345

1117 Ashen the Firebug (level 8, 0/60 HPs)
             Began as a Demonspawn Fire Elementalist on Oct 5, 2022.
             Slain by Blork the orc
             ... wielding a +2 halberd of venom
              (9 damage)
             ... on level 6 of the Dungeon.
             The game lasted 00:11:46 (6079 turns).

Ashen the Firebug (Demonspawn Fire Elementalist)    Turns: 6079, Time: 00:11:47

Health: 0/60       AC:  4    Str:  9    XL:     8   Next: 12%
Magic:  10/14      EV: 14    Int: 18    God:
Gold:   334        SH:  0    Dex: 18    Spells: 8/15 levels left

rFire   . . .      SeeInvis .   k - +7 spear of Ru's Envy {protect, rElec rC+ rCorr Dex+4}
rCold   + . .      Faith    .   (no shield)
rNeg    . . .      Spirit   .   a - +0 robe
rPois   .          Reflect  .   B - +0 helmet
rElec   +          Harm     .   (no cloak)
rCorr   +          Rampage  .   c - +0 pair of gloves
Will    .....                   (no boots)
Stlth   +++.......              (no amulet)
HPRegen 0.20/turn               (no ring)
MPRegen 0.14/turn               (no ring)

@: lethally poisoned (0 -> -1), very slightly contaminated
A: demonic magic 2, weakness stinger 1, demonic touch 2
a: no special abilities


You were on level 6 of the Dungeon.
You visited 1 branch of the dungeon, and saw 6 of its levels.
You also visited: Sewer.

You collected 334 gold pieces.

Inventory:

Hand Weapons
 k - the +7 spear of Ru's Envy (weapon) {protect, rElec rC+ rCorr Dex+4}
   (You found it on level 2 of the Dungeon)

   It grants its wielder temporary protection when it strikes (+7 to AC).
   Dex:       It affects your dexterity (+4).
   rC:        It protects you from cold.
   rElec:     It insulates you from electricity.
   rCorr:     It protects you from acid and corrosion.
 s - a +1 spear of venom
Armour
 a - a +0 robe (worn)
 c - a +0 pair of gloves (worn)
 B - a +0 helmet (worn)
Jewellery
 p - a +4 ring of slaying
 v - a +4 ring of protection
 x - a ring of see invisible
Wands
 y - a wand of mindburst (7)
Scrolls
 d - 2 scrolls of teleportation {unknown}
 e - 2 scrolls of vulnerability {unknown}
 f - 2 scrolls of blinking {unknown}
 g - 12 scrolls of identify {unknown}
 i - 3 scrolls of fear {unknown}
 m - 2 scrolls of immolation {unknown}
 n - 3 scrolls of enchant armour {unknown}
 o - a scroll of magic mapping {unknown}
 q - a scroll of torment {unknown}
 w - 3 scrolls of summoning {unknown}
 C - 3 scrolls of amnesia {unknown}
Potions
 b - 3 potions of magic
 h - 3 potions of curing {unknown}
 j - 2 potions of lignification {unknown}
 l - 5 potions of haste
 r - 2 potions of heal wounds {unknown}
 t - 2 potions of resistance {unknown}
 u - a potion of invisibility {unknown}
 z - a potion of mutation {unknown}
 A - a potion of flight {unknown}


   Skills:
 + Level 3.7 Fighting
 + Level 3.8 Dodging
 + Level 4.1 Stealth
 + Level 4.0 Spellcasting
 + Level 3.9 Conjurations
 + Level 4.4 Fire Magic


You had 8 spell levels left.
You knew the following spells:

 Your Spells              Type           Power      Damage    Failure   Level
a - Foxfire               Conj/Fire      72%        2x1d7     2%          1
b - Scorch                Fire           38%        2d6       3%          2
c - Flame Wave            Conj/Fire      18%        2d7       26%         4

Your spell library contained the following spells:

 Spells                   Type           Power      Damage    Failure   Level
 Conjure Flame            Conj/Fire      18%        6-21      8%          3
 Inner Flame              Hex/Fire       11%        N/A       19%         3


Dungeon Overview and Level Annotations

Branches:
Dungeon (6/15)              Sewer (visited)
 Temple: D:4-7

Altars:
Ashenzari
Okawaru
Uskayaw
Xom

Annotations:
D:3 1 runed translucent door, diceflayer's ghost, amateur DsFi
D:6 Blork the orc


Innate Abilities, Weirdness & Mutations

Spells you cast may paralyse nearby enemies.
You have a small tail.
Your touch may inflict irresistible damage on your foes.


Message History

You feel very sick.
The foxfire hits Blork the orc but does no damage.
Blork the orc is heavily wounded.
You feel sick.
You feel sick.
Casting: Foxfire (safe; 2% risk of failure)
Confirm with . or Enter, or press ? or * to list all spells.
Flames lash Blork the orc.
Blork the orc is severely wounded.
Blork the orc's fire resistance burns away.
Malevolent energies surge around you.
You feel sick. Blork the orc misses you.
Unknown command.
Casting: Scorch (safe; 3% risk of failure)
Confirm with . or Enter, or press ? or * to list all spells.
You miscast Foxfire.
You are very lightly contaminated with residual magic.
Nothing appears to happen.
You feel sick. Blork the orc casts a spell at you. The magic dart hits you!
* * * LOW HITPOINT WARNING * * *
Casting: Foxfire (safe; 2% risk of failure)
Confirm with . or Enter, or press ? or * to list all spells.
You conjure some foxfire!
Malevolent energies surge around you.
You feel sick.
Blork the orc mumbles some strange words.
Blork the orc seems to speed up.
Unknown command.
Casting: Foxfire (safe; 2% risk of failure)
Confirm with . or Enter, or press ? or * to list all spells.
There is not enough space to conjure foxfire!
Unknown command.
Reach: k) +7 spear of Ru's Envy {protect, rElec rC+ rCorr Dex+4}
Press: ? - help, Dir - move target, f/p - Blork the orc
Aim: Blork the orc, wielding a +2 halberd of venom and wearing a +2 robe of positive energy (severely wounded, fast, more vulnerable to fire, ally target, about 27% to evade the +7 spear of Ru's Envy)
You could not reach far enough!
You feel sick.
The foxfire hits Blork the orc but does no damage.
Blork the orc is severely wounded.
The foxfire hits Blork the orc but does no damage.
Blork the orc is severely wounded.
Blork the orc hits you from afar with a +2 halberd of venom!
You die...

#.####...........#
#......####.####.######
######...).............
#.########..###### #.#
#........ #.# #.######.
#.# #.# #(# #ยง######.#
#.. #@.oY....#
#######..# #


You could see Blork the orc (fast, combustible) and an ice beast.

Vanquished Creatures
  Sigmund (D:5)
  Eustachio (D:4)
  Menkaure (D:5)
  A phantom (D:5)
  A kobold brigand (D:6)
  A scorpion (D:4)
  A gnoll bouda (D:4)
  3 orc priests
  A hound (D:5)
  2 iguanas
  An orc wizard (D:5)
  6 gnolls
  8 adders
  A worm (D:2)
  8 orcs
  10 ball pythons
  5 bats
  9 endoplasms
  8 giant cockroaches
  8 goblins
  11 hobgoblins
  12 jackals
  30 kobolds
  6 quokkas
  4 frilled lizards
  9 rats
149 creatures vanquished.

Vanquished Creatures (others)
  309 foxfires
309 creatures vanquished.

Grand Total: 458 creatures vanquished

Notes
Turn   | Place    | Note
-------+----------+-------------------------------------------
     0 | D:1      | Ashen the Demonspawn Fire Elementalist began the quest for
                  | the Orb.
     0 | D:1      | Reached XP level 1. HP: 13/13 MP: 3/3
    76 | D:1      | Discovered your monstrous ancestry.
    76 | D:1      | Gained mutation: Your touch may inflict minor irresistible
                  | damage on your foes. [demonic ancestry]
    76 | D:1      | Reached XP level 2. HP: 20/20 MP: 0/5
   575 | D:1      | Reached skill level 1 in Fighting
   625 | D:1      | Gained mutation: Spells you cast may paralyse adjacent
                  | enemies. [demonic ancestry]
   625 | D:1      | Reached XP level 3. HP: 21/26 MP: 0/6
   881 | D:1      | Found a faded altar of an unknown god.
  1455 | D:2      | Gained mutation: Spells you cast may paralyse nearby
                  | enemies. [demonic ancestry]
  1455 | D:2      | Reached XP level 4. HP: 29/32 MP: 3/7
  1951 | D:2      | Identified the +7 spear of Ru's Envy {protect, rElec rC+
                  | rCorr Dex+4}
  2412 | D:3      | Found a runed translucent door.
  2495 | D:3      | Gained mutation: You have a small tail. [demonic ancestry]
  2495 | D:3      | Reached XP level 5. HP: 30/38 MP: 2/8
  2806 | D:3      | Noticed diceflayer's ghost (amateur DsFi)
  2944 | D:3      | Found a faded altar of an unknown god.
  2948 | D:3      | Found a shimmering altar of Xom.
  3338 | D:4      | Found a glowing drain.
  3342 | Sewer    | Entered a sewer
  3346 | Sewer    | Learned a level 2 spell: Scorch
  3351 | Sewer    | Learned a level 4 spell: Flame Wave
  4115 | D:4      | Gained mutation: Your touch may inflict irresistible damage
                  | on your foes. [demonic ancestry]
  4115 | D:4      | Reached XP level 6. HP: 45/45 MP: 8/10
  4449 | D:4      | Found a hide-covered altar of Uskayaw.
  4458 | D:4      | Noticed Eustachio
  4474 | D:4      | Killed Eustachio
  4580 | D:5      | Entered Level 5 of the Dungeon
  4580 | D:5      | Noticed Sigmund
  4938 | D:4      | Reached XP level 7. HP: 51/51 MP: 5/11
  5069 | D:5      | Killed Sigmund
  5270 | D:5      | Found a broken altar of Ashenzari.
  5326 | D:5      | Noticed Menkaure
  5334 | D:5      | Killed Menkaure
  5501 | D:5      | Found an iron altar of Okawaru.
  5598 | D:5      | Reached XP level 8. HP: 59/59 MP: 7/13
  6061 | D:6      | Noticed Blork the orc
  6079 | D:6      | Slain by Blork the orc

Illustrated notes

Levels and vault maps discovered:
D:1:      minmay_arrival_up_and_down, layout_rooms,
          ebering_ecumenical_altar_ruins
D:2:      layout_loops_ring
D:3:      layout_basic, nicolae_overflow_ecumenical_swirl,
          ebering_ghost_reflecting_pool, grunt_decor_mini_mirrors,
          dk_noncrumbling_2
D:4:      layout_cave_pools, nicolae_uskayaw_dance_hall, gup_sewer_entry_spiral,
          uniq_eustachio
D:5:      layout_cave_pools, kennysheep_okawaru_gauntlet,
          nicolae_ashenzari_panopticon, uniq_menkaure, uniq_sigmund
D:6:      minmay_chambers_of_threes, layout_loops_ring,
          makhleb_altar_promises_db, minitemple, uniq_pikel, uniq_grinder,
          uniq_blork_the_orc

Skill      XL: |  1  2  3  4  5  6  7  8 |
---------------+-------------------------+-----
Stealth        | 2 3 4 |  4.1
Dodging        | 2 3 |  3.8
Fighting       | 1 2 3 |  3.7
Fire Magic     | 3 4 |  4.4
Conjurations   | 2 3 |  3.9
Spellcasting   | 3 4 |  4.0

Action                   |  1- 3 |  4- 6 |  7- 9 || total
-------------------------+-------+-------+-------++-------
Melee: Unarmed           |    23 |    12 |       ||    35
       Touch             |     3 |     7 |     3 ||    13
       Spear             |       |    77 |    42 ||   119
       Tailslap          |       |     5 |     1 ||     6
 Cast: Foxfire           |    61 |    73 |    46 ||   180
       Scorch            |       |     4 |     1 ||     5
Evoke: Wand              |       |     1 |       ||     1
  Use: Potion            |       |     1 |       ||     1
 Stab: Paralysed         |     5 |    25 |    10 ||    40
       Sleeping          |       |     9 |     1 ||    10
Armor: Robe              |    15 |    20 |     5 ||    40
Dodge: Dodged            |    42 |    41 |    17 ||   100
